 Dungeon Crawl Stone Soup version 0.30.1-11-g7821555f0a (webtiles) character file.

Game seed: 9730005688361793852

280 porpoise the Shooter (level 6, 0/53 HPs)
             Began as a Minotaur Hunter on Jan 12, 2024.
             Killed by nerve-wracking pain
             ... invoked by an orc priest
              (6 damage)
             ... on level 3 of the Dungeon.
             The game lasted 00:06:31 (2255 turns).

porpoise the Shooter (Minotaur Hunter)              Turns: 2255, Time: 00:06:31

Health: 0/53       AC:  9    Str: 16    XL:     6   Next: 5%
Magic:  5/5        EV: 11    Int:  6    God:
Gold:   192        SH:  0    Dex: 15    Spells: 5/5 levels left

rFire   . . .        b - +2 spear (venom)
rCold   . . .        (no shield)
rNeg    . . .        g - +3 ring mail
rPois   .            (helmet restricted)
rElec   .            (no cloak)
rCorr   .            (no gloves)
SInv    .            e - +0 pair of boots
Will    .....        (no amulet)
Stlth   +            (no ring)
HPRegen 0.28/turn    (no ring)
MPRegen 0.09/turn

%: no passive effects
@: no status effects
A: horns 2, retaliatory headbutt
a: no special abilities


You were on level 3 of the Dungeon.
You visited 1 branch of the dungeon, and saw 4 of its levels.

You collected 192 gold pieces.

Inventory:

Hand Weapons
 a - a +0 shortbow
 b - a +2 spear of venom (weapon)
Missiles
 q - 8 poisoned darts
Armour
 e - a +0 pair of boots (worn)
 g - a +3 ring mail (worn)
 l - an orb of wrath
 m - the +0 robe "Plog" {rC++ rN+}
   (You found it on level 4 of the Dungeon)

   rC:        It greatly protects you from cold.
   rN:        It protects you from negative energy.
Scrolls
 c - 4 scrolls of teleportation {unknown}
 d - a scroll of fog {unknown}
 f - 2 scrolls of immolation
 h - 3 scrolls of identify {unknown}
 k - a scroll of poison {unknown}
 o - a scroll of enchant weapon {unknown}
Potions
 i - a potion of mutation {unknown}
 j - a potion of cancellation {unknown}
 n - a potion of invisibility {unknown}
 p - a potion of berserk rage {unknown}
 r - a potion of attraction {unknown}


   Skills:
 + Level 4.4 Fighting
 * Level 6.6 Ranged Weapons
 + Level 2.8 Armour
 - Level 2.1 Dodging
 - Level 0.7 Stealth


You had 5 spell levels left.
You didn't know any spells.
Your spell library contained the following spells:

 Spells                   Type           Power      Damage    Failure   Level
 Blink                    Tloc           0%         N/A       80%         2
 Cigotuvi's Dreadful Rot  Necr/Pois/Air  0%         N/A       80%         2
 Ensorcelled Hibernation  Hex/Ice        0%         N/A       80%         2
 Lesser Beckoning         Tloc           0%         N/A       80%         2
 Momentum Strike          Conj/Tloc      0%         3d8       80%         2
 Ignite Poison            Fire/Tmut/Pois 0%         N/A       95%         3
 Spider Form              Tmut/Pois      0%         N/A       95%         3
 Anguish                  Hex/Necr       0%         N/A       100%        4
 Freezing Cloud           Conj/Ice/Air   0%         6-21      100%        5


Dungeon Overview and Level Annotations

Branches:
Dungeon (4/15)
 Temple: D:4-7

Altars:
Dithmenos
Qazlal
Sif Muna


Innate Abilities, Weirdness & Mutations

You have a pair of horns on your head.
You reflexively headbutt those who attack you in melee.


Message History

* * * LOW HITPOINT WARNING * * *
You have reached level 6!
Reach: b) +2 spear (venom)
Press: ? - help, Dir - move target, f - orc priest, p - orc priest
Aim: an orc priest, wielding a +0 whip (about 35% to evade your +2 spear of venom)
You reach to attack!
You puncture the orc priest!
The orc priest is poisoned.
The orc priest is heavily wounded.
The orc priest barely misses you.
An orc comes into view. It is wielding a +0 falchion.
Reach: b) +2 spear (venom)
Press: ? - help, Dir - move target, f/p - orc priest
Aim: an orc priest, wielding a +0 whip (heavily wounded, very poisoned, about 35% to evade your +2 spear of venom)
The orc priest is in the way.
You hit the orc priest but do no damage.
The orc priest is moderately wounded.
The orc priest closely misses you.
Reach: b) +2 spear (venom)
Press: ? - help, Dir - move target, f/p - orc priest
Aim: an orc priest, wielding a +0 whip (heavily wounded, very poisoned, about 35% to evade your +2 spear of venom)
You reach to attack!
You completely miss the orc priest.
The orc priest is heavily wounded.
The orc priest miscasts a cantrip.
Reach: b) +2 spear (venom)
Press: ? - help, Dir - move target, f/p - orc priest
Aim: an orc priest, wielding a +0 whip (heavily wounded, very poisoned, about 35% to evade your +2 spear of venom)
The orc priest is in the way.
You hit the orc priest.
The orc priest is heavily wounded.
The orc priest calls upon Beogh to heal the orc priest.
The orc priest is healed somewhat.
The orc priest mumbles some strange prayers to Beogh against you.
Beogh smites you!
* * * LOW HITPOINT WARNING * * *
Reach: b) +2 spear (venom)
Press: ? - help, Dir - move target, f/p - orc priest
Aim: an orc priest, wielding a +0 whip (lightly wounded, very poisoned, about 35% to evade your +2 spear of venom)
You reach to attack!
You hit the orc priest.
The orc priest is heavily wounded.
The orc priest invokes the aid of Beogh against you.
Pain shoots through your body!
You die...

o#...# #
#.#.###### .
#........#
..
##........#
...
#.........#
...
..#.......#
.. #.<.....#
#o####
#........
#{o@.##
#.......)
####..##
#........
#.....##
#........
.....###..#
#####....
###..#.#..#
#.....
#.##.##[#
#.....
#.#...#.##
#.....
#..###...###
#.....
#.#...#....#
#.....


You could see 2 orc priests.

Vanquished Creatures
  3 orc priests (D:3)
  4 orc wizards (D:3)
  5 adders
  A worm (D:2)
  2 dart slugs
  7 orcs
  7 bats
  5 endoplasms
  2 giant cockroaches (D:3)
  2 goblins
  4 hobgoblins
  3 jackals (D:1)
  4 kobolds
  5 quokkas
  4 ball pythons
  2 frilled lizards
  7 rats
67 creatures vanquished.

Notes
Turn   | Place    | Note
-------+----------+-------------------------------------------
     0 | D:1      | porpoise the Minotaur Hunter began the quest for the Orb.
     0 | D:1      | Reached XP level 1. HP: 18/18 MP: 0/0
   182 | D:1      | Reached XP level 2. HP: 25/25 MP: 1/1
   438 | D:1      | Reached skill level 5 in Ranged Weapons
   801 | D:2      | Reached XP level 3. HP: 31/31 MP: 2/2
  1041 | D:2      | Found a stormy altar of Qazlal.
  1238 | D:2      | Found a faded altar of an unknown god.
  1412 | D:2      | Reached XP level 4. HP: 38/38 MP: 3/3
  1434 | D:2      | Reached skill level 1 in Armour
  1468 | D:2      | You fall into a shaft and drop 2 floors!
  1660 | D:4      | Found a shimmering blue altar of Sif Muna.
  1716 | D:4      | Identified the +0 robe "Plog" {rC++ rN+}
  1906 | D:3      | Found a shadowy altar of Dithmenos.
  2102 | D:3      | Reached skill level 6 in Ranged Weapons
  2102 | D:3      | Reached XP level 5. HP: 43/46 MP: 4/4
  2251 | D:3      | Reached XP level 6. HP: 16/53 MP: 5/5
  2255 | D:3      | Killed from afar by an orc priest

Illustrated notes

Levels and vault maps discovered:
D:1:      erik_arrival_cave_to_civilisation [erik_arrival_cave_to_hall],
          layout_basic
D:2:      layout_basic, basic_ecumenical_altar, basic_altar
D:3:      cheibrodos_pilgrimage, layout_basic, lemuel_crystal_altar,
          minmay_crystal_room, kennysheep_cross_bottleneck, minmay_ruptured
D:4:      layout_loops_corners, kennysheep_mini, minmay_temple_entry_glass,
          lightli_sewer_entry_pipes, minivault_25, grunt_decor_junction,
          kennysheep_generic_room_8

Skill      XL: |  1  2  3  4  5 |
---------------+----------------+-----
Ranged Weapons | 5 6 |  6.6
Fighting       | 3 4 |  4.4
Armour         | 1 2 |  2.8
Dodging        | |  2.1
Stealth        | |  0.7

Action                     |  1- 3 |  4- 6 || total
---------------------------+-------+-------++-------
  Melee: Spear             |    17 |    24 ||    41
         Headbutt          |       |     4 ||     4
   Fire: Shortbow          |    66 |    70 ||   136
   Stab: Sleeping          |     1 |       ||     1
 Armour: Leather armour    |    12 |       ||    12
         Ring mail         |     3 |    25 ||    28
  Dodge: Dodged            |    29 |    11 ||    40
